 Dungeon Crawl Stone Soup version 0.23-a0-49-gd9f7a49 (webtiles) character file.

2047 Treefire the Summoner (level 9, -1/65 HPs)
             Began as a Barachi Summoner on Aug 6, 2018.
             Was a Believer of Kikubaaqudgha.
             Slain by a komodo dragon (25 damage)
             ... on level 9 of the Dungeon.
             The game lasted 00:46:08 (8548 turns).

Treefire the Summoner (Barachi Summoner)            Turns: 8548, Time: 00:46:12

Health: -1/65      AC:  7    Str:  9    XL:     9   Next: 24%
Magic:  4/17       EV: 13    Int: 18    God:    Kikubaaqudgha [**....]
Gold:   403        SH:  0    Dex: 20    Spells: 5/19 levels left

rFire    . . .     SeeInvis +   b - +0 spear
rCold    . . .     Gourm    .   (no shield)
rNeg     . . .     Faith    .   F - +2 robe {MR+}
rPois    .         Spirit   .   t - +0 helmet
rElec    .         Reflect  .   q - +0 cloak
rCorr    .         Harm     .   P - +0 pair of gloves
MR       +....                  (no boots)
Stlth    ++........             (no amulet)
HPRegen  0.20/turn              j - +6 ring of dexterity
MPRegen  0.15/turn              f - ring of see invisible

@: slow
A: +LOS, swims, slowness 1, strong legs 1
a: Hop, Receive Corpses, Renounce Religion


You were on level 9 of the Dungeon.
You worshipped Kikubaaqudgha.
Kikubaaqudgha was pleased with you.
You were hungry.

You visited 1 branch of the dungeon, and saw 9 of its levels.

You collected 403 gold pieces.

Inventory:

Hand Weapons
 a - a +3 hunting sling
 b - a +0 spear (weapon)
 l - a +0 trident
 o - a +1 short sword of protection
 v - a +0 scimitar
 J - a +0 blowgun
 K - a +0 shortbow
 N - a +1 antimagic dagger
Missiles
 d - 250 stones (quivered)
 e - 64 poisoned needles
 g - 183 arrows
 n - 16 tomahawks
 x - 52 bolts
 D - 38 sling bullets
Armour
 q - a +0 cloak (worn)
 t - a +0 helmet (worn)
 F - a +2 robe of magic resistance (worn)
 P - a +0 pair of gloves (worn)
Magical Staves
 y - an uncursed staff of air
Jewellery
 f - a ring of see invisible (right hand)
 j - a +6 ring of dexterity (left hand)
 s - an uncursed ring of magical power
 Q - an uncursed ring of poison resistance {unknown}
Wands
 L - a wand of acid (9)
 S - a wand of digging (9)
 T - a wand of enslavement (16)
Scrolls
 h - 2 scrolls of amnesia
 i - a scroll of blinking
 m - 3 scrolls of remove curse
 p - 4 scrolls of teleportation
 B - 4 scrolls of identify
 E - 2 scrolls of fear {unknown}
 H - a scroll of fog {unknown}
 I - a scroll of magic mapping
Potions
 k - 5 potions of might
 r - a potion of mutation
 u - a potion of magic {unknown}
 w - 2 potions of flight {unknown}
 z - 2 potions of heal wounds
 A - 3 potions of haste {unknown}
 C - a potion of berserk rage {unknown}
 G - 2 potions of lignification {unknown}
 M - a potion of brilliance {unknown}
 O - a potion of ambrosia {unknown}
 R - a potion of invisibility {unknown}
Comestibles
 c - 12 rations
 U - 3 chunks of flesh


   Skills:
 - Level 4.0 Fighting
 - Level 2.1 Dodging
 - Level 1.7 Stealth
 - Level 5.5 Spellcasting
 + Level 9.8 Summonings
 - Level 6.0 Ice Magic
 - Level 5.0 Air Magic


You had 5 spell levels left.
You knew the following spells:

 Your Spells              Type           Power        Failure   Level  Hunger
a - Summon Small Mammal   Summ           ####         1%          1    None
b - Call Imp              Summ           #####...     1%          2    None
c - Call Canine Familiar  Summ           #####...     1%          3    ##.....
d - Summon Ice Beast      Ice/Summ       ####....     4%          4    ####...
e - Summon Lightning Spi  Summ/Air       ####....     6%          4    ####...

Your spell library contained the following spells:

 Spells                   Type           Power        Failure   Level  Hunger
 Bolt of Magma            Conj/Fire/Erth #.........   98%         5    #####..
 Venom Bolt               Conj/Pois      #.........   98%         5    #####..
 Pain                     Necr           #...         13%         1    None
 Vampiric Draining        Necr           #.........   36%         3    ##.....
 Sublimation of Blood     Necr           #.........   19%         2    None
 Corpse Rot               Necr           N/A          19%         2    None
 Iron Shot                Conj/Erth      #.........   100%        6    #######
 Orb of Destruction       Conj           #.........   100%        7    #######
 Iskenderun's Battlesphe  Conj/Chrm      #.......     98%         5    #####..
 Summon Guardian Golem    Hex/Summ       ###.....     4%          3    ##.....
 Spellforged Servitor     Conj/Summ      ###.......   100%        7    #######


Dungeon Overview and Level Annotations

Branches:
Dungeon (9/15)             Temple (0/1) D:5
   Lair: D:8-11         Orc: D:9-12

Altars:
Ashenzari
Cheibriados
Elyvilon
Gozag
Kikubaaqudgha
Nemelex Xobeh
Sif Muna
Trog
Uskayaw
Xom
Yredelemnul
Zin
The Shining One

Annotations:
D:2 2 transporters, 1 runed door


Innate Abilities, Weirdness & Mutations

Shadows flee at your approach. (+LOS)
You can swim through water.
You cover ground slowly.
You can hop short distances.


Message History

Your wolf closely misses the komodo dragon.
The komodo dragon bites you!
Your wolf closely misses the komodo dragon.
The vampire casts a spell.
The vampire flickers and vanishes for a moment.
Your wolf bites the komodo dragon but does no damage.
Casting: Call Canine Familiar (safe; 1% risk of failure)
Confirm with . or Enter, or press ? or * to list all spells.
A chill wind blows around you.
Your wolf bites the komodo dragon but does no damage.
The komodo dragon closely misses you.
Your wolf bites the komodo dragon but does no damage. x2
Casting: Summon Ice Beast (safe; 4% risk of failure)
Confirm with . or Enter, or press ? or * to list all spells.
A chill wind blows around you. The vampire casts a spell at your wolf.
Your wolf resists with significant effort.
The komodo dragon bites you!!
You die...
Kikubaaqudgha rasps: "You have failed me!
Welcome... death!"

. ## ####.. .#### ##.....#
#...####### ### ##........
.###...##h######.###.........
#.#####..###h##..h.........#
### ##....###..YY.V..###.#
##.......@l###.#..#
#.########.# .# .# ### ### ##
#


You could see a komodo dragon, a vampire (invisible), 2 friendly ice beasts and
a friendly wolf.

Vanquished Creatures
  An ogre (D:8)
  A howler monkey (D:7)
  A bullfrog zombie (D:5)
  A hound (D:7)
  An orc wizard (D:7)
  A howler monkey skeleton (D:8)
  An ooze (D:2)
  An adder skeleton (D:4)
  A worm (D:2)
  2 orcs
  2 giant cockroaches
  A hobgoblin (D:1)
  9 jackals
  3 kobolds
  A quokka (D:4)
  6 bats
  3 frilled lizards
  6 goblins
  2 rats
  A rat zombie (D:3)
45 creatures vanquished.

Vanquished Creatures (collateral kills)
  A two-headed ogre (D:8)
  A hornet (D:8)
  A hungry ghost (D:6)
  Edmund (D:5)
  An orc warrior (D:7)
  An ice beast (D:6)
  2 necrophages
  A sky beast (D:7)
  2 ogres
  3 centaurs (D:6)
  A crocodile (D:9)
  A big kobold (D:7)
  2 bullfrogs (D:6)
  A scorpion (D:5)
  3 killer bees (D:7)
  3 wights (D:6)
  2 howler monkeys (D:6)
  2 crimson imps
  A jelly (D:6)
  4 orc priests
  2 hounds (D:4)
  3 orc wizards (D:6)
  Jessica (D:3)
  Ijyb (D:4)
  Natasha (thrice) (D:3)
  4 worker ants
  Terence (D:3)
  A hound skeleton (D:5)
  A worker ant zombie (D:5)
  Robin (D:2)
  5 adders
  A shadow imp (D:7)
  2 oozes
  An adder skeleton (D:5)
  A worm (D:3)
  A leopard gecko (D:6)
  8 orcs
  A bat zombie (D:3)
  4 hobgoblins
  12 jackals
  8 kobolds
  A quokka (D:6)
  3 bats
  8 goblins
  2 rats (D:2)
  2 rat zombies (D:3)
112 creatures vanquished.

Grand Total: 157 creatures vanquished

Notes
Turn   | Place    | Note
-------+----------+-------------------------------------------
     0 | D:1      | Treefire the Barachi Summoner began the quest for the Orb.
     0 | D:1      | Reached XP level 1. HP: 13/13 MP: 3/3
   152 | D:1      | Reached skill level 5 in Summonings
   296 | D:1      | Reached XP level 2. HP: 18/19 MP: 0/5
   763 | D:2      | Found a transporter.
   787 | D:2      | Noticed a killer bee
   787 | D:2      | Noticed an ice beast
   848 | D:2      | Noticed Robin
   969 | D:2      | Learned a level 2 spell: Call Imp
   984 | D:2      | Found a transporter.
  1011 | D:2      | Found a glowing golden altar of the Shining One.
  1012 | D:2      | Found a basalt altar of Yredelemnul.
  1013 | D:2      | Found a shattered altar of Ashenzari.
  1032 | D:2      | Reached XP level 3. HP: 24/24 MP: 4/7
  1270 | D:2      | Killed Robin
  1455 | D:2      | Found a bloodstained altar of Trog.
  1513 | D:2      | Learned a level 3 spell: Call Canine Familiar
  1532 | D:2      | Reached XP level 4. HP: 30/30 MP: 7/9
  1942 | D:2      | Found a runed door.
  2104 | D:3      | Noticed a necrophage
  2124 | D:3      | Killed a necrophage
  2124 | D:3      | Reached XP level 5. HP: 34/35 MP: 9/12
  2213 | D:3      | Noticed Natasha
  2244 | D:3      | Noticed Jessica
  2560 | D:3      | Noticed Terence
  2665 | D:3      | Killed Jessica
  2665 | D:3      | Reached skill level 5 in Spellcasting
  2722 | D:3      | Killed Natasha
  2867 | D:3      | Found an ancient bone altar of Kikubaaqudgha.
  2910 | D:4      | Found a hide-covered altar of Uskayaw.
  2910 | D:4      | Noticed a dagger
  2910 | D:4      | Noticed a dagger
  2911 | D:4      | Found a white marble altar of Elyvilon.
  2997 | D:3      | Killed Terence
  3024 | D:4      | Noticed Ijyb
  3044 | D:4      | Paralysed by Ijyb for 6 turns
  3055 | D:4      | Killed Ijyb
  3169 | D:4      | Learned a level 4 spell: Summon Ice Beast
  3174 | D:4      | Learned a level 4 spell: Summon Lightning Spire
  3182 | D:3      | Noticed Natasha
  3196 | D:3      | Killed Natasha
  3268 | D:3      | Became a worshipper of Kikubaaqudgha
  3314 | D:3      | Noticed Natasha
  3323 | D:3      | Killed Natasha
  3323 | D:3      | Reached XP level 6. HP: 30/41 MP: 9/14
  3528 | D:4      | Reached skill level 6 in Summonings
  4048 | D:5      | Entered Level 5 of the Dungeon
  4372 | D:5      | Found a staircase to the Ecumenical Temple.
  4471 | D:5      | Reached skill level 7 in Summonings
  4481 | D:5      | Reached skill level 1 in Ice Magic
  4481 | D:5      | Reached XP level 7. HP: 46/46 MP: 10/15
  4568 | D:5      | Reached skill level 1 in Air Magic
  4639 | D:5      | Noticed Edmund
  4651 | D:5      | Killed Edmund
  5064 | D:6      | Reached * piety under Kikubaaqudgha
  5064 | D:6      | Identified Kikubaaqudgha's Collected Works on Dark Secrets (Kikubaaqudgha gifted it to you on level 6 of the Dungeon)
  5064 | D:6      | Received a gift from Kikubaaqudgha
  5080 | D:6      | Found a snail-covered altar of Cheibriados.
  5420 | D:6      | Found a shimmering altar of Xom.
  5420 | D:6      | Noticed an angel
  5421 | D:6      | Found a glowing silver altar of Zin.
  5554 | D:6      | Reached skill level 5 in Air Magic
  5779 | D:6      | Reached XP level 8. HP: 46/52 MP: 13/16
  6383 | D:7      | Reached skill level 8 in Summonings
  6401 | D:6      | Reached skill level 1 in Fighting
  7576 | D:7      | Found a deep blue altar of Sif Muna.
  7735 | D:8      | Reached skill level 9 in Summonings
  7943 | D:8      | Noticed a hornet
  7956 | D:8      | Found a sparkling altar of Nemelex Xobeh.
  7957 | D:8      | Found an opulent altar of Gozag.
  7957 | D:8      | Noticed a two-headed ogre
  7973 | D:8      | Killed a two-headed ogre
  7973 | D:8      | Reached XP level 9. HP: 65/65 MP: 1/17
  8141 | D:8      | Killed a hornet
  8512 | D:9      | Reached ** piety under Kikubaaqudgha
  8538 | D:9      | Noticed a komodo dragon
  8548 | D:9      | Slain by a komodo dragon

Vault maps used:
D:1:      dpeg_arrival_windows_large_door, item_on_display_a
D:2:      marbit_many_paths, gammafunk_temple_overflow_arena, uniq_robin,
          uniq_crazy_yiuf_cottage
D:3:      lemuel_zombie_altar_kikubaaqudgha, uniq_jessica, uniq_terence,
          uniq_natasha
D:4:      dancing_weapons_uskayaw, elyvilon_altar_4, first_ration, uniq_ijyb
D:5:      lemuel_temple_firewalk_b, uniq_edmund
D:6:      grunt_temple_overflow_order_and_chaos_1, lemuel_crystal_altar
D:7:      led_sif_pool, kennysheep_generic_room_10
D:8:      grunt_temple_overflow_opulence
D:9:      erik_lair_dragon

Skill      XL: |  1  2  3  4  5  6  7  8 |
---------------+-------------------------+-----
Summonings     | 5 7 9 |  9.8
Spellcasting   | 3 4 5 |  5.5
Ice Magic      | 1 2 6 |  6.0
Air Magic      | 5 |  5.0
Fighting       | 4 |  4.0
Dodging        | |  2.1
Stealth        | |  1.7

Action                   |  1- 3 |  4- 6 |  7- 9 || total
-------------------------+-------+-------+-------++-------
Melee: Spear             |    69 |   101 |   144 ||   314
 Fire: Hunting sling     |       |    10 |    25 ||    35
Throw: Stone             |     1 |     9 |     4 ||    14
 Cast: Summon Small Mamm |    38 |    31 |    37 ||   106
       Call Imp          |     5 |    13 |     6 ||    24
       Call Canine Famil |       |    15 |    45 ||    60
       Summon Lightning  |       |       |    17 ||    17
       Summon Ice Beast  |       |       |     9 ||     9
  Use: Scroll            |       |     8 |     3 ||    11
 Stab: Sleeping          |     4 |     2 |     1 ||     7
       Distracted        |       |       |     3 ||     3
  Eat: Chunk             |     3 |    10 |    19 ||    32
       Ration            |       |       |     1 ||     1
Armor: Robe              |    17 |    27 |    47 ||    91
Dodge: Dodged            |    42 |    57 |   100 ||   199

Table legend:
 A = Spawn XP
 B = Non-spawn XP
 C = Spawn XP percentage of total XP
 D = Spawn monster count
 E = Non-spawn monster count
 F = Spawn count percentage of total count
 G = Total turns spent on level
                    A         B        C        D         E        F      G
               +---------+---------+-------+---------+---------+-------+---------
         Total |       0 |    2925 |   0.0 |       0 |     157 |   0.0 |  8548
               +---------+---------+-------+---------+---------+-------+---------
           D:1 |       0 |      16 |   0.0 |       0 |      11 |   0.0 |   764
           D:2 |       0 |      85 |   0.0 |       0 |      40 |   0.0 |  1263
           D:3 |       0 |     201 |   0.0 |       0 |      19 |   0.0 |  1154
           D:4 |       0 |     147 |   0.0 |       0 |      15 |   0.0 |   867
           D:5 |       0 |     299 |   0.0 |       0 |      13 |   0.0 |   764
           D:6 |       0 |     783 |   0.0 |       0 |      27 |   0.0 |  1828
           D:7 |       0 |     522 |   0.0 |       0 |      24 |   0.0 |  1013
           D:8 |       0 |     734 |   0.0 |       0 |       5 |   0.0 |   736
           D:9 |       0 |     138 |   0.0 |       0 |       3 |   0.0 |   159
               +---------+---------+-------+---------+---------+-------+---------
